Map: Dusk Towers

Players

MythiC - Winner!

  • Race: Terran Terran
  • League: Master

IIIIIIIIIIII

  • Race: Protoss Protoss
  • League: Master

VOD

Have the link to the VOD?

Description

Time

  • Played on: Feb. 5, 2016, 2:56 p.m.
  • Length: 10:35
Show
View Real Time Build Order
Export as new Build Order

MythiC Terran - Winner!

Build Orders: Reaper Expand, MMM Bio 

Get SALT Encoding   

  12  0:01  SCV  
  13  0:13  SCV  
  14  0:17  Supply Depot  
  14  0:25  SCV  
  15  0:39  SCV  
  15  0:40  Barracks  
  16  0:44  Refinery  
  16  0:51  SCV  
  17  1:03  SCV  
  18  1:15  SCV  
  19  1:27  Reaper  
  19  1:28  Orbital Command  
  20  1:39  Command Center  
  20  1:52  Supply Depot  
  20  1:54  SCV  
  21  2:02  Barracks Reactor  
  21  2:05  Refinery  
  21  2:06  SCV  
  22  2:18  SCV  
  23  2:26  Factory  
  23  2:30  SCV  
  24  2:38  Marine x2  
  24  2:42  SCV  
  27  2:54  SCV  
  27  2:56  Marine x2  
  27  2:58  Orbital Command  
  30  3:06  SCV  
  30  3:09  Widow Mine  
  30  3:11  Starport  
  33  3:14  Marine x2  
  33  3:18  SCV  
  36  3:24  SCV  
  36  3:25  Supply Depot  
  37  3:31  SCV  
  37  3:33  Marine  
  37  3:34  Marine  
  40  3:36  SCV  
  40  3:42  Widow Mine  
  40  3:43  SCV  
  40  3:48  SCV, Medivac  
  46  3:49  Supply Depot  
  46  3:54  Marine x2  
  46  3:55  SCV  
  49  4:04  SCV, Command Center  
  49  4:09  Engineering Bay, SCV  
  51  4:10  Liberator  
  51  4:13  Factory Tech Lab  
  51  4:16  SCV  
  52  4:18  Supply Depot  
  52  4:21  SCV, Marine x2  
  55  4:29  SCV  
  59  4:36  Missile Turret  
  59  4:37  Missile Turret  
  59  4:41  Missile Turret  
  59  4:42  SCV x2  
  61  4:51  Cyclone  
  64  4:54  SCV  
  64  4:55  SCV  
  64  4:58  Supply Depot  
  66  5:08  SCV  
  66  5:10  Barracks  
  66  5:11  Barracks  
  66  5:12  SCV  
  68  5:17  Marine x2  
  68  5:18  Orbital Command  
  68  5:20  SCV  
  71  5:24  SCV  
  68  5:35  Starport Reactor  
  68  5:36  SCV  
  68  5:38  Marine  
  68  5:39  Marine  
  68  5:40  Terran Infantry Weapons Level 1  
  68  5:41  Factory Tech Lab, Barracks  
  68  5:42  Barracks  
  71  5:43  Refinery  
  71  5:44  Refinery  
  71  5:50  Orbital Command, SCV  
  71  5:51  SCV  
  73  5:58  Barracks Tech Lab  
  73  6:03  SCV x2, Marine x2  
  77  6:09  Marauder  
  79  6:14  Siege Tank  
  79  6:16  SCV x2  
  84  6:19  SCV, Missile Turret  
  84  6:24  Marine x2  
  84  6:25  Marauder, Stimpack  
  89  6:28  SCV x2  
  91  6:33  Marauder, Barracks Reactor, Barracks Tech Lab  
  91  6:39  Supply Depot  
  93  6:40  Supply Depot  
  93  6:48  Refinery  
  93  6:49  Combat Shields  
  93  6:59  Factory Reactor  
  93  7:01  Marauder, Medivac x2, Marine x2  
  101  7:02  Marauder x2, SCV x3  
  101  7:06  Supply Depot  
  105  7:10  Marine x2  
  105  7:12  Supply Depot  
  105  7:14  SCV  
  108  7:15  SCV  
  108  7:16  Barracks  
  108  7:17  Liberator  
  108  7:18  Liberator, Starport  
  108  7:21  Concussive Shells  
  108  7:22  Supply Depot  
  109  7:28  Marauder x2, SCV, Marine x3  
  117  7:30  Supply Depot  
  117  7:32  Supply Depot  
  117  7:33  Marine x2  
  125  7:42  Refinery  
  125  7:43  SCV x2, Widow Mine x2  
  131  7:45  Supply Depot  
  131  7:46  Terran Infantry Armor Level 1, Marine x2  
  133  7:51  Marine  
  133  7:52  Marauder  
  133  7:53  Missile Turret  
  133  7:56  Missile Turret  
  136  7:59  Marauder, Marine x2  
  136  8:00  Missile Turret x2  
  136  8:03  Marauder, Marine x2  
  136  8:04  Missile Turret  
  144  8:07  Starport Reactor  
  144  8:10  Marauder  
  144  8:12  SCV x3  
  149  8:13  Marauder  
  149  8:18  Widow Mine x2  
  155  8:28  Marauder  
  157  8:42  Liberator  
  157  8:44  Supply Depot x2  
  157  8:46  Supply Depot, Marauder x3, Marine x2  
  165  8:48  Liberator x2  
  165  8:52  Command Center  
  165  8:59  Marauder, Marine x2  
  165  9:00  Armory  
  172  9:03  Marine  
  172  9:04  Engineering Bay  
  172  9:09  Ghost Academy  
  179  9:12  Marauder, Marine x3  
  181  9:24  Marine  
  181  9:25  Liberator, Marauder, Widow Mine x2, Marine x2  
  181  9:29  Marine  
  181  9:30  Marauder  
  187  9:41  Ghost x2  
  191  9:46  Ghost  
  191  9:51  Ghost  
  191  9:52  Marine x2  
  197  10:03  Marine x2  
  199  10:10  Marine  
Show
View Real Time Build Order
Export as new Build Order

IIIIIIIIIIII Protoss 

Build Orders: 1 Gate Expand, Dark Templar Rush 

Get SALT Encoding   

  12  0:01  Probe (Chrono Boost)  
  13  0:12  Probe (Chrono Boost)  
  14  0:21  Pylon  
  14  0:23  Probe (Chrono Boost)  
  15  0:39  Gateway, Probe (Chrono Boost)  
  17  0:50  Probe (Chrono Boost)  
  17  0:51  Assimilator  
  17  1:00  Probe (Chrono Boost)  
  18  1:11  Probe (Chrono Boost)  
  19  1:21  Probe (Chrono Boost)  
  20  1:28  Nexus  
  20  1:33  Cybernetics Core  
  20  1:36  Probe (Chrono Boost)  
  21  1:41  Assimilator  
  22  1:47  Probe (Chrono Boost)  
  22  1:51  Pylon  
  22  1:57  Probe (Chrono Boost)  
  23  2:10  Adept (Chrono Boost), Mothership Core (Chrono Boost)  
  27  2:19  Warp Gate (Chrono Boost)  
  27  2:28  Probe (Chrono Boost)  
  27  2:36  Adept (Chrono Boost)  
  29  2:40  Probe  
  29  2:42  Probe  
  29  2:43  Robotics Facility  
  31  2:52  Probe  
  31  2:53  Probe  
  33  3:01  Twilight Council  
  33  3:03  Probe  
  34  3:10  Probe (Chrono Boost)  
  35  3:15  Probe (Chrono Boost)  
  36  3:21  Probe (Chrono Boost)  
  36  3:26  Probe (Chrono Boost)  
  38  3:29  Warp Prism (Chrono Boost)  
  38  3:31  Probe  
  41  3:38  Dark Shrine  
  41  3:42  Probe  
  41  3:46  Gateway  
  41  3:47  Gateway  
  42  3:49  Probe  
  42  3:54  Pylon  
  44  3:55  Probe  
  44  4:00  Probe  
  44  4:01  Observer (Chrono Boost)  
  46  4:03  Assimilator  
  46  4:09  Assimilator  
  46  4:11  Pylon  
  46  4:12  Probe x2 (Chrono Boost)  
  48  4:20  Observer  
  48  4:22  Pylon  
  48  4:23  Probe x2 (Chrono Boost)  
  51  4:34  Probe x2 (Chrono Boost)  
  53  4:42  Observer  
  53  4:44  Probe x2 (Chrono Boost)  
  56  4:48  Nexus  
  56  4:52  Blink (Chrono Boost)  
  56  4:53  Probe  
  56  4:55  Probe  
  58  5:03  Observer, Probe  
  58  5:06  Sentry x2  
  64  5:07  Probe  
  64  5:11  Pylon  
  64  5:13  Sentry  
  67  5:15  Probe (Chrono Boost)  
  67  5:19  Probe (Chrono Boost)  
  59  5:26  Probe (Chrono Boost)  
  60  5:30  Probe (Chrono Boost)  
  61  5:36  Probe (Chrono Boost)  
  61  5:37  Stalker x2  
  61  5:38  Stalker  
  61  5:41  Probe (Chrono Boost)  
  69  5:45  Probe  
  69  5:49  Immortal  
  74  5:52  Probe  
  74  5:55  Pylon  
  74  5:56  Probe  
  76  6:04  Stalker  
  76  6:05  Stalker  
  78  6:15  Probe x2  
  78  6:16  Probe, Stalker  
  83  6:25  Probe x2  
  83  6:28  Probe  
  83  6:31  Stalker x2  
  90  6:36  Probe x2  
  92  6:40  Probe, Stalker  
  92  6:46  Probe  
  92  6:47  Probe  
  94  6:53  Forge x2, Probe  
  97  6:57  Probe x2  
  95  7:05  Probe  
  95  7:08  Probe  
  92  7:10  Stalker x3  
  92  7:11  Probe  
  92  7:12  Assimilator  
  100  7:17  Resonating Glaives (Chrono Boost), Probe, Assimilator  
  100  7:21  Templar Archives  
  100  7:22  Protoss Ground Armor Level 1 (Chrono Boost)  
  101  7:27  Protoss Ground Weapons Level 1 (Chrono Boost)  
  101  7:34  Pylon x2  
  101  7:39  Pylon  
  101  7:49  Pylon  
  101  7:50  Probe  
  101  7:52  Immortal, Probe x2  
  101  7:54  Gateway  
  101  7:55  Gateway  
  101  7:56  Psionic Storm  
  101  7:57  Gateway  
  101  7:58  Adept x2  
  112  7:59  Adept  
  112  8:04  Probe x2  
  116  8:06  Pylon  
  116  8:18  High Templar x2  
  120  8:20  High Templar  
  120  8:25  Pylon  
  121  8:29  Immortal  
  125  8:39  Probe  
  125  8:40  Probe x2  
  125  8:41  Pylon  
  128  8:49  Charge  
  128  8:52  Adept, Stalker x4  
  128  8:53  Adept  
  140  8:57  Pylon  
  140  8:58  Probe x3  
  143  9:02  Pylon  
  143  9:10  Probe  
  143  9:15  Immortal  
  143  9:16  Stalker  
  146  9:17  Stalker x5  
  158  9:40  High Templar x2  
  158  9:41  High Templar, Zealot  
  158  9:42  Zealot x2  
  170  9:51  Pylon  
  169  9:53  Pylon  
  169  9:58  Gateway  
  169  9:59  Gateway  
  169  10:01  Gateway  
  169  10:04  Zealot x2  
  173  10:13  Zealot x2  
Tags
 
Add a new tag
Caveats
  • Supply blocks, unpowered buildings, or Contaminate may cause inaccurate times.
  • Supply counts are checked every 10 seconds.